 Dungeon Crawl Stone Soup version 0.18.1-5-g4a78601 (webtiles) character file.

186 Loki the Magician (level 5, 9/28 HPs)
             Began as a Deep Elf Wizard on May 9, 2016.
             Quit the game on level 2 of the Dungeon.
             The game lasted 00:18:20 (3543 turns).

Loki the Magician (Deep Elf Wizard)                 Turns: 3543, Time: 00:18:20

Health: 9/28       AC:  2    Str:  4    XL:     5   Next: 38%
Magic:  10/14      EV: 13    Int: 24    God:
Gold:   225        SH:  0    Dex: 13    Spells: 5 memorised, 3 levels left

rFire  . . .     SeeInvis .     b - +1 whip (drain)
rCold  . . .     Gourm    .     t - +0 robe
rNeg   . . .     Faith    .     (no shield)
rPois  .         Spirit   .     k - +0 hat
rElec  .         Dismiss  .     (no cloak)
rCorr  .         Reflect  .     (no gloves)
SustAt .         Harm     .     (no boots)
MR     .....                    (no amulet)
Stlth  ++........               (no ring)
                                (no ring)

@: not resistant to hostile enchantments, unstealthy
A: no striking features
a: no special abilities


You were on level 2 of the Dungeon.
You were not hungry.

You visited 1 branch of the dungeon, and saw 3 of its levels.
You also visited: Sewer.

You collected 225 gold pieces.

Inventory:

Hand Weapons
 b - a +1 whip of draining (weapon)
 o - a +0 hunting sling of velocity
 r - a +0 dagger
 x - a +0 short sword of speed
 y - a +2 hunting sling of evasion
 C - a +0 dagger of freezing
Armour
 k - a +0 hat (worn)
 t - a +0 robe (worn)
Magical Staves
 a - an uncursed staff of power
Wands
 v - a wand of lightning (5/15)
Scrolls
 f - 2 scrolls of enchant weapon {unknown}
 g - 3 scrolls of magic mapping {unknown}
 i - a scroll of random uselessness {unknown}
 l - a scroll of noise {unknown}
 m - 2 scrolls of fear {unknown}
 n - 4 scrolls of teleportation {unknown}
 p - a scroll of identify {unknown}
 D - a scroll of remove curse {unknown}
Potions
 e - a potion of resistance {unknown}
 h - a potion of flight {unknown}
 q - a potion of berserk rage {unknown}
 s - 2 potions of heal wounds {unknown}
 u - a potion of degeneration {unknown}
 w - 3 potions of curing {unknown}
 z - a potion of magic {unknown}
Books
 c - a book of Minor Magic

   Spells                             Type                      Level
   a - Magic Dart                     Conjuration                  1
   b - Blink                          Translocation                2
   c - Call Imp                       Summoning                    2
   d - Repel Missiles                 Charms/Air                   2
   e - Slow                           Hexes                        2
   f - Conjure Flame                  Conjuration/Fire             3
   g - Mephitic Cloud                 Conjuration/Poison/Air       3
Comestibles
 d - a bread ration
 j - 2 meat rations
 B - a slice of pizza


   Skills:
 + Level 0.5 Fighting
 + Level 3.4 Dodging
 - Level 2.4 Stealth
 + Level 5.1 Spellcasting
 * Level 3.1 Conjurations
 - Level 2.0 Charms
   Level 1.1 Summonings
 + Level 1.9 Translocations
 + Level 0.7 Fire Magic
 + Level 1.8 Air Magic


You had 3 spell levels left.
You knew the following spells:

 Your Spells              Type           Power        Failure   Level  Hunger
a - Magic Dart            Conj           ###.         2%          1    None
f - Conjure Flame         Conj/Fire      ###.....     14%         3    ##.....
m - Mephitic Cloud        Conj/Pois/Air  ##......     17%         3    ##.....
B - Blink                 Tloc           N/A          8%          2    None
M - Repel Missiles        Chrm/Air       ###...       8%          2    None


Dungeon Overview and Level Annotations

Branches:
Dungeon (3/15)

Altars:
Ru

Annotations:
D:2 Robin


Message History

Press: ? - help, Shift-Dir - straight line, f/p - orc
Aim: an orc, wielding a flail and wearing a glowing glass ring (lightly wounded)
Okay, then.
There is an escape hatch in the ceiling, spattered with blood here.
You see here a dagger.
The orc hits you with a flail.
* * * LOW HITPOINT WARNING * * *
A mysterious force pulls you upwards. The hatch slams shut behind you.
Level annotation: Robin Robin shouts!
The hobgoblin shouts! 4 goblins come into view.
The goblin shouts!
Robin throws the goblin at you!
Unknown command.
Robin drinks a potion.
Robin suddenly seems more agile.
There is an open door here.
There is an open door here.
A hobgoblin comes into view. It is wielding a club.
There is an open door here.
Are you sure you want to abandon this character and quit the game? (Confirm with "yes".)

...............######...###......
.........<........###...# #......
........................###.#'###
........................#......#.
.............................#.#.
.......#.........................
.................................
...###.........###....##.........
...##...........@.....##......<..
...##........[o.....#####....#...
...##........................#...
#####....#...g.........).........
..(.#....#...................#..>
....#....#.g........##.........##
.................................
.........g...#####...............
.................................


You could see an orc, a hobgoblin and 2 goblins.

Vanquished Creatures
  A giant frog skeleton (D:3)
  4 adders
  A river rat (D:3)
  An ooze (D:1)
  2 worms (D:3)
  A dart slug (D:3)
  4 giant geckos
  3 orcs (D:3)
  5 giant cockroaches
  9 goblins
  11 hobgoblins
  8 jackals (Sewer)
  A quokka (D:2)
  5 ball pythons
  5 bats
  9 giant newts
  12 kobolds
  9 rats
  A plant (Sewer)
92 creatures vanquished.

Vanquished Creatures (others)
  An adder (D:3)
1 creature vanquished.

Grand Total: 93 creatures vanquished

Notes
Turn   | Place    | Note
--------------------------------------------------------------
     0 | D:1      | Loki the Deep Elf Wizard began the quest for the Orb.
     0 | D:1      | Reached XP level 1. HP: 10/10 MP: 7/7
   156 | D:1      | Reached XP level 2. HP: 15/15 MP: 7/9
   424 | D:1      | Learned a level 2 spell: Blink
   427 | D:1      | Learned a level 2 spell: Repel Missiles
   943 | D:1      | Reached skill level 1 in Charms
   943 | D:1      | Reached XP level 3. HP: 18/19 MP: 4/11
  1303 | D:2      | Found a sacrificial altar of Ru.
  1348 | D:2      | Noticed Robin
  1370 | D:2      | Learned a level 3 spell: Conjure Flame
  1374 | D:2      | Learned a level 3 spell: Mephitic Cloud
  1391 | D:2      | Reached skill level 1 in Air Magic
  1895 | D:3      | Reached XP level 4. HP: 24/24 MP: 4/12
  2143 | D:3      | Found a glowing drain.
  2222 | Sewer    | Entered a sewer
  3235 | D:3      | Found a faded altar to an unknown god.
  3239 | D:3      | Reached XP level 5. HP: 15/28 MP: 9/14
  3333 | D:3      | Reached skill level 5 in Spellcasting
  3428 | D:3      | HP: 1/28 [orc/flail (9)]
  3543 | D:2      | Quit the game

Skill      XL: |  1  2  3  4  5 |
---------------+----------------+-----
Conjurations   | 2 3 |  3.1
Charms         | 1 2 |  2.0
Dodging        | 3 |  3.4
Air Magic      | 1 |  1.8
Spellcasting   | 5 |  5.1
Fighting       | |  0.5
Stealth        | |  2.4
Summonings     | |  1.1
Translocations | |  1.9
Fire Magic     | |  0.7

Action                   |  1- 3 |  4- 6 || total
-------------------------+-------+-------++-------
Melee: Whip              |       |   174 ||   174
       Staff             |       |     6 ||     6
       Dagger            |       |     1 ||     1
 Cast: Magic Dart        |    98 |    68 ||   166
       Blink             |       |    11 ||    11
       Mephitic Cloud    |       |    11 ||    11
       Conjure Flame     |       |     1 ||     1
 Stab: Confused          |       |     5 ||     5
  Eat: Chunk             |     3 |     2 ||     5
       Bread ration      |       |     1 ||     1
Armor: Robe              |     1 |    14 ||    15
Dodge: Dodged            |     4 |    40 ||    44
